 Dungeon Crawl Stone Soup version 0.27-a0-887-gcab673c142 (webtiles) character file.

Game seed: 13879555912735719570

126 rageheart7 the Ruffian (level 5, -1/46 HPs)
             Began as a Ghoul Gladiator on Apr 4, 2021.
             Slain by a bullfrog (6 damage)
             ... on level 4 of the Dungeon.
             The game lasted 00:02:26 (2056 turns).

rageheart7 the Ruffian (Ghoul Gladiator)            Turns: 2056, Time: 00:02:26

Health: -1/46      AC:  4    Str: 19    XL:     5   Next: 10%
Magic:  13/13      EV: 12    Int:  3    God:
Gold:   96         SH:  0    Dex: 10    Spells: 4/4 levels left

rFire    . . .     SeeInvis .     - Unarmed
rCold    + . .     Faith    .   (no shield)
rNeg     + + +     Spirit   .   a - +0 leather armour
rPois    ∞         Reflect  .   b - +0 helmet
rElec    .         Harm     .   (no cloak)
rCorr    .         Rampage  .   (no gloves)
Will     .....                  (no boots)
Stlth    +.........             (no amulet)
HPRegen  0.00/turn              f - ring of magical power
MPRegen  0.13/turn              (no ring)

@: no status effects
A: claws 1, cold resistance 1, negative energy resistance 3, inhibited
regeneration, torment resistance 2, unbreathing 1
a: no special abilities


You were on level 4 of the Dungeon.
You visited 1 branch of the dungeon, and saw 3 of its levels.

You collected 96 gold pieces.

Inventory:

Missiles
 c - 3 throwing nets (quivered)
Armour
 a - a +0 leather armour (worn)
 b - a +0 helmet (worn)
Jewellery
 f - a ring of magical power (left claw)
Scrolls
 g - a scroll of enchant weapon {unknown}
Potions
 d - a potion of ambrosia {unknown}
 e - a potion of might {unknown}


   Skills:
 * Level 4.2 Fighting
 - Level 1.7 Throwing
 - Level 2.6 Dodging
 * Level 4.9 Unarmed Combat


You had 4 spell levels left.
You didn't know any spells.
Your spell library contained the following spells:

 Spells                   Type           Power      Damage    Failure   Level
 Confusing Touch          Hex            0%         N/A       91%         3
 Gell's Gravitas          Tloc           0%         N/A       91%         3
 Petrify                  Tmut/Erth      0%         N/A       100%        4
 Metabolic Englaciation   Hex/Ice        0%         N/A       100%        5
 Yara's Violent Unravell  Hex/Tmut       0%         3d3       100%        5


Dungeon Overview and Level Annotations

Branches:
Dungeon (2/15)

Altars:

Shops:
D:1 =


Innate Abilities, Weirdness & Mutations

You thrive by killing the living.
You are immune to poison.
You have sharp fingernails.
Your flesh is cold resistant. (rC+)
You are immune to negative energy. (rN+++)
You do not regenerate when monsters are visible.
You are immune to unholy pain and torment.
You can survive without breathing.


Message History

The bullfrog hits you but does no damage.
The bullfrog closely misses you.
You scratch the bullfrog.
The bullfrog is heavily wounded.
The bullfrog misses you.
You scratch the bullfrog but do no damage.
The bullfrog is heavily wounded.
The bullfrog completely misses you. The bullfrog misses you.
You closely miss the bullfrog.
The bullfrog is heavily wounded.
The bullfrog hits you.
You scratch the bullfrog.
The bullfrog is severely wounded.
The bullfrog closely misses you.
You closely miss the bullfrog.
The bullfrog is severely wounded.
The bullfrog hits you! The bullfrog completely misses you.
You scratch the bullfrog but do no damage.
The bullfrog is severely wounded.
The bullfrog hits you.
You barely miss the bullfrog.
The bullfrog is heavily wounded.
The bullfrog hits you but does no damage.
A gnoll comes into view. It is wielding a +0 club.
The bullfrog hits you.
* * * LOW HITPOINT WARNING * * *
You scratch the bullfrog but do no damage.
The bullfrog is heavily wounded.
The bullfrog closely misses you.
A gnoll comes into view. It is wielding a +0 flail.
The gnoll shouts!
You claw the bullfrog!
The bullfrog is almost dead.
You hear a shout! x3
The bullfrog hits you.
* * * LOW HITPOINT WARNING * * *
A gnoll comes into view. It is wielding a +0 club.
You hear a shout!
The bullfrog hits you.
You die...

#####.# #...#.#
... #...#.####
.!. #........
.... #.....$.
.../.
#.#...#####.....
#.............#
#....@F)...###
#.............
#.............
####..........
#..........
######gg...
..... g... ...#


You could see a bullfrog and 3 gnolls.

Vanquished Creatures
  A centaur skeleton (D:2)
  A hound skeleton (D:4)
  3 adders (D:2)
  A dart slug (D:1)
  An orc (D:4)
  6 endoplasms
  4 giant cockroaches
  4 hobgoblins
  10 jackals
  3 quokkas
  5 ball pythons
  2 bats
  3 frilled lizards (D:1)
  2 goblins
  3 kobolds
  2 rats
51 creatures vanquished.

Notes
Turn   | Place    | Note
-------+----------+-------------------------------------------
     0 | D:1      | rageheart7 the Ghoul Gladiator began the quest for the Orb.
     0 | D:1      | Reached XP level 1. HP: 17/17 MP: 0/0
   497 | D:1      | Reached XP level 2. HP: 22/25 MP: 1/1
   720 | D:1      | Found Notis Ninoex's Jewellery Shoppe.
  1051 | D:2      | Reached XP level 3. HP: 20/31 MP: 2/2
  1506 | D:2      | Reached XP level 4. HP: 30/40 MP: 3/3
  1984 | D:2      | Found a faded altar of an unknown god.
  2019 | D:2      | You fall into a shaft and drop 2 floors!
  2036 | D:4      | Noticed a bullfrog
  2040 | D:4      | Reached XP level 5. HP: 35/46 MP: 4/4
  2056 | D:4      | Slain by a bullfrog

Illustrated notes

Levels and vault maps discovered:
D:1:      dpeg_arrival_water_temple_mockup, layout_rooms, serial_shops, shop,
          serial_glass, glass_columns_a, glass_columns_b, feat_on_display,
          minmay_strange_pillars, minmay_strange_pillars,
          minmay_misc_feat_plants, kennysheep_another_room
D:2:      layout_basic, basic_ecumenical_altar
D:4:      cheibrodos_pilgrimage, layout_basic, serial_shops,
          nicolae_shop_crystal, minmay_tree_intersection,
          uniq_crazy_yiuf_cottage, uniq_robin

Skill      XL: |  1  2  3  4 |
---------------+-------------+-----
Fighting       | 3 4 |  4.2
Unarmed Combat | 4 |  4.9
Throwing       | |  1.7
Dodging        | |  2.6

Action                   |  1- 3 |  4- 6 || total
-------------------------+-------+-------++-------
Melee: Unarmed           |   126 |    56 ||   182
       Punch             |     2 |       ||     2
Armor: Leather armour    |    53 |    14 ||    67
Dodge: Dodged            |    88 |    32 ||   120

Table legend: (Time is in decaauts)
 A = Elapsed time spent in this place.
 B = Non-inter-level travel time spent in this place.
 C = Inter-level travel time spent in this place.
 D = Time resting spent in this place.
 E = Time spent auto-exploring this place.
 F = Levels seen in this place.
 G = Mean time per level.
                   A        B        C        D        E       F      G
               +--------+--------+--------+--------+--------+-----+--------+
         Total |   2040 |   2035 |      5 |      0 |   1770 |   3 |  680.0 |
       Dungeon |   2040 |   2035 |      5 |      0 |   1770 |   3 |  680.0 |
               +--------+--------+--------+--------+--------+-----+--------+

Top non-repeatable levels by time:
     D:1: 1037 daAuts
     D:2: 968 daAuts
     D:4: 34 daAuts
